 Dungeon Crawl Stone Soup version 0.28-a0-1447-ga5a8893891 (webtiles) character file.

Game seed: 2082746806791238094

128 lunkers the Grave Robber (level 4, -3/30 HPs)
             Began as a Vampire Necromancer on Jan 11, 2022.
             Slain by an ogre (31 damage)
             ... on level 3 of the Dungeon.
             The game lasted 00:04:58 (3100 turns).

lunkers the Grave Robber (Vampire Necromancer)      Turns: 3100, Time: 00:04:59

Health: -3/30      AC:  2    Str:  7    XL:     4   Next: 87%
Magic:  6/8        EV: 12    Int: 19    God:
Gold:   67         SH:  0    Dex: 14    Spells: 5/9 levels left

rFire   . . .      SeeInvis +   b - +0 dagger
rCold   . . .      Faith    .   (no shield)
rNeg    . . .      Spirit   .   a - +0 robe
rPois   .          Reflect  .   (no helmet)
rElec   .          Harm     .   (no cloak)
rCorr   .          Rampage  .   (no gloves)
Will    .....                   (no boots)
Stlth   ++........              (no amulet)
HPRegen 0.30/turn               (no ring)
MPRegen 0.11/turn               (no ring)

@: healing quickly
A: alive, fangs 3, see invisible, vampiric 2
a: Exsanguinate


You were on level 3 of the Dungeon.
You visited 1 branch of the dungeon, and saw 3 of its levels.

You collected 67 gold pieces.

Inventory:

Hand Weapons
 b - a +0 dagger (weapon)
Armour
 a - a +0 robe (worn)
 g - an orb of light
Scrolls
 c - 2 scrolls of enchant weapon {unknown}
 h - a scroll of identify {unknown}
 i - a scroll of fog {unknown}
Potions
 d - a potion of curing {unknown}
 e - a potion of magic {unknown}
 f - a potion of resistance {unknown}
 j - 2 potions of lignification {unknown}


   Skills:
 - Level 2.1 Dodging
 - Level 3.0 Stealth
 + Level 3.0 Spellcasting
 * Level 6.2 Necromancy


You had 5 spell levels left.
You knew the following spells:

 Your Spells              Type           Power      Damage    Failure   Level
a - Pain                  Necr           100%       1d9       1%          1
b - Vampiric Draining     Necr           26%        2d7       3%          3

Your spell library contained the following spells:

 Spells                   Type           Power      Damage    Failure   Level
 Animate Skeleton         Necr           52%        N/A       1%          1
 Animate Dead             Necr           13%        N/A       12%         4
 Apportation              Tloc           4%         N/A       16%         1
 Summon Small Mammal      Summ           8%         N/A       16%         1
 Agony                    Necr           26%        N/A       32%         5


Dungeon Overview and Level Annotations

Branches:
Dungeon (3/15)

Altars:


Innate Abilities, Weirdness & Mutations

Your natural rate of healing is accelerated.
You have razor-sharp teeth.
You have supernaturally acute eyesight. (SInv)
You are afflicted with vampirism and can become a bat while bloodless.


Message History

You start resting.
Your magical contamination has completely faded away.
HP restored.
Magic restored.
You see here a +0 hand axe.
An endoplasm comes into view.
An endoplasm is nearby!
An endoplasm is nearby!
Casting: Pain (safe; 1% risk of failure)
Confirm with . or Enter, or press ? or * to list all spells.
The endoplasm quivers.
The endoplasm writhes in agony.
You kill the endoplasm!
No target in view!
No target in view!
j - 2 fuming black potions No target in view!
A bat comes into view.
The bat moves out of view.
No target in view!
An ogre, an adder and a quokka skeleton come into view.
There are monsters nearby!
There are monsters nearby!
Casting: Pain (safe; 1% risk of failure)
Confirm with . or Enter, or press ? or * to list all spells.
The bat writhes in agony.
You kill the bat!
The ogre shouts!
The adder hisses angrily.
Casting: Pain (safe; 1% risk of failure)
Confirm with . or Enter, or press ? or * to list all spells.
The ogre writhes in agony.
Casting: Pain (safe; 1% risk of failure)
Confirm with . or Enter, or press ? or * to list all spells.
The ogre barely resists.
The ogre closely misses you.
Casting: Pain (safe; 1% risk of failure)
Confirm with . or Enter, or press ? or * to list all spells.
The ogre writhes in agony.
The ogre hits you with a +0 giant club!!
Ouch! That really hurt!
You die...

#.#.############
...............#
..........####.#
...[....#.####.###
.##.[......).....#########
#..#..#†.....)..........
#..#..#.####.#)#########
#. #..#.# #.#.# .. #..#@#
#.#.# #. #..#O####.#.#
#...S.)...#.#
#.#.#######.# #
#....######
#..S......#########
######....#...<....
#....####.#....####
#.........####.#


You could see an ogre and an adder.

Vanquished Creatures
  A centaur skeleton (D:2)
  4 adders
  5 dart slugs
  An orc (D:3)
  3 endoplasms
  6 goblins
  3 hobgoblins
  6 jackals
  2 quokkas
  4 ball pythons
  3 bats
  5 frilled lizards
  9 kobolds
  5 rats
57 creatures vanquished.

Notes
Turn   | Place    | Note
-------+----------+-------------------------------------------
     0 | D:1      | lunkers the Vampire Necromancer began the quest for the
                  | Orb.
     0 | D:1      | Reached XP level 1. HP: 13/13 MP: 3/3
   514 | D:1      | Reached XP level 2. HP: 18/19 MP: 3/5
   582 | D:1      | Found a faded altar of an unknown god.
   658 | D:1      | Reached skill level 5 in Necromancy
  1699 | D:2      | Gained mutation: You are afflicted with vampirism and can
                  | become a bat while bloodless. [Vampire growth]
  1699 | D:2      | Reached XP level 3. HP: 22/24 MP: 3/6
  2174 | D:2      | Learned a level 3 spell: Vampiric Draining
  2249 | D:2      | Reached XP level 4. HP: 18/30 MP: 4/8
  2440 | D:2      | Reached skill level 6 in Necromancy
  3011 | D:3      | Noticed an ogre
  3100 | D:3      | Slain by an ogre

Illustrated notes

Levels and vault maps discovered:
D:1:      dpeg_arrival_circle_labyrinth_c, layout_loops_ring,
          hellmonk_ecumenical_altar_arch_garden, chequers_hall_statues_y
D:2:      layout_loops_ring
D:3:      minmay_angry_zag, layout_loops_ring,
          grunt_temple_overflow_order_and_chaos_1, minmay_misc_feat_four_crosses

Skill      XL: |  1  2  3  4 |
---------------+-------------+-----
Necromancy     | 5 6 |  6.2
Spellcasting   | 3 |  3.0
Dodging        | |  2.1
Stealth        | |  3.0

Action                   |  1- 3 |  4- 6 || total
-------------------------+-------+-------++-------
Melee: Unarmed           |     3 |       ||     3
       Dagger            |     9 |    14 ||    23
       Bite              |     2 |     2 ||     4
 Cast: Pain              |    76 |    24 ||   100
       Vampiric Draining |       |     4 ||     4
  Use: Scroll            |     2 |       ||     2
 Stab: Sleeping          |       |     3 ||     3
Armor: Robe              |     5 |     4 ||     9
Dodge: Dodged            |    28 |    15 ||    43

Table legend: (Time is in decaauts)
 A = Elapsed time spent in this place.
 B = Non-inter-level travel time spent in this place.
 C = Inter-level travel time spent in this place.
 D = Time resting spent in this place.
 E = Time spent auto-exploring this place.
 F = Levels seen in this place.
 G = Mean time per level.
                   A        B        C        D        E       F      G
               +--------+--------+--------+--------+--------+-----+--------+
         Total |   3098 |   2872 |    226 |     47 |   2394 |   3 | 1032.7 |
       Dungeon |   3098 |   2872 |    226 |     47 |   2394 |   3 | 1032.7 |
               +--------+--------+--------+--------+--------+-----+--------+

Top non-repeatable levels by time:
     D:1: 1681 daAuts
     D:2: 1120 daAuts
     D:3: 297 daAuts
